AoeStats
← ᅚᅚᅚᅚ

Arena

505264613Analyzed
3v3 RM · 23d ago on Sep 8, 2026· 37m 18s· 6 players
Game mode
Random Map
Map size
Normal (6 player)
Population
200
Speed
Normal
Resources
Standard
Victory
Conquest
Starting age
Dark Age
Ending age
Imperial Age
RankedLock teamsTeams togetherTeam positionsShared explorationLock speedFull tech treeHidden civsTurbo modeCheats
Victory
Defeat
🇨🇳 Poles · China
1345
+14
🇨🇳 Koreans · China
1345
+14
🇹🇷 Byzantines · Türkiye
1302
+17
🇨🇱 Celts · Chile
1317
-15
🇨🇱 Mongols · Chile
1301
-15
🇨🇱 Vietnamese · Chile
1301
-15
Pelantaro
10:50 Feudal Age
14:37 Castle Age
13:24 Loom
13:33 Fletching
18:19 Double-Bit Axe
21:14 Horse Collar
26:52 Wheelbarrow
26:19 Gold Mining
27:01 Bodkin Arrow
31:29 Imperial Age
29:32 Padded Archer Armor
29:37 Stone Mining
30:33 Leather Archer Armor
30:58 Bloodlines
30:49 Husbandry
30:59 Thumb Ring
32:33 Conscription
32:55 Bow Saw
33:02 Bracer
33:31 Parthian Tactics
33:46 Hand Cart
34:45 Masonry
34:55 Ballistics
35:30 Pikeman
ᅚᅚᅚᅚ
13:01 Feudal Age
13:38 Double-Bit Axe
13:42 Horse Collar
16:40 Castle Age
14:33 Stone Mining
17:31 Wheelbarrow
19:08 Bow Saw
20:14 Heavy Plow
23:13 Town Watch
25:28 Hand Cart
25:55 Gold Mining
30:27 Imperial Age
28:30 Loom
29:16 Town Patrol
29:03 Treadmill Crane
30:46 Fletching
30:57 Scale Mail Armor
31:08 Forging
31:31 Conscription
32:09 Pikeman
33:06 Chain Mail Armor
32:15 Heavy Scorpion
34:25 Furor Celtica
36:00 Chemistry
35:28 Ballistics
36:08 Chemistry
35:16 Onager
36:50 Halberdier
maximilianoshopify
11:32 Feudal Age
12:50 Wheelbarrow
15:24 Castle Age
13:29 Double-Bit Axe
14:04 Horse Collar
16:34 Bow Saw
16:24 Heavy Plow
22:36 Hand Cart
22:16 Loom
23:10 Gold Mining
29:04 Imperial Age
26:54 Scale Barding Armor
26:41 Town Watch
28:05 Chain Barding Armor
27:37 Stone Mining
28:18 Forging
29:31 Stone Shaft Mining
30:20 Iron Casting
30:45 Two-Man Saw
30:16 Crop Rotation
29:16 Elite Battle Elephant
30:34 Husbandry
31:17 Bloodlines
32:08 Plate Barding Armor
31:54 Pikeman
32:36 Squires
33:12 Chatras
33:33 Paper Money
33:32 Fletching
34:44 Chemistry
34:45 Scale Mail Armor
34:11 Halberdier
36:56 Chain Mail Armor
mozzz
11:19 Feudal Age
11:04 Loom
14:52 Castle Age
13:05 Double-Bit Axe
13:29 Horse Collar
15:47 Bow Saw
23:17 Gold Mining
23:58 Stone Mining
25:37 Heavy Plow
27:05 Wheelbarrow
26:57 Scale Mail Armor
27:42 Forging
28:08 Chain Mail Armor
27:15 Pikeman
28:06 Fletching
29:27 Iron Casting
29:09 Hand Cart
29:42 Gold Shaft Mining
31:42 Imperial Age
29:41 Husbandry
30:31 Stone Shaft Mining
30:12 Squires
29:34 Elite Skirmisher
30:20 Arson
29:59 Crossbowman
30:42 Padded Archer Armor
31:30 Hand Cart
32:10 Thumb Ring
32:04 Bodkin Arrow
32:28 Leather Archer Armor
31:57 Treadmill Crane
33:03 Ballistics
33:44 Chemistry
33:55 Two-Man Saw
32:40 Capped Ram
33:56 Conscription
33:39 Gambesons
33:16 Arbalester
34:47 Bracer
35:53 Ring Archer Armor
35:54 Plate Mail Armor
35:39 Fortified Wall
35:44 Siege Ram
36:25 Man-at-Arms
38:08 Hoardings
38:12 Crop Rotation
37:17 Long Swordsman
极地沙尘暴
10:56 Feudal Age
14:51 Castle Age
13:06 Double-Bit Axe
14:20 Horse Collar
20:06 Bow Saw
19:58 Loom
23:47 Wheelbarrow
25:24 Hand Cart
26:26 Heavy Plow
30:52 Imperial Age
28:47 Gold Mining
28:49 Stone Mining
29:03 Fletching
29:38 Ballistics
29:40 Bodkin Arrow
30:49 Thumb Ring
30:57 Husbandry
32:25 Conscription
33:08 Chemistry
32:30 Bracer
33:11 Scale Mail Armor
33:22 Forging
33:15 Squires
33:01 Arson
32:36 Elite Fire Lancer
32:59 Pikeman
33:41 Halberdier
34:39 Chain Mail Armor
34:59 Iron Casting
37:10 Plate Mail Armor
37:49 Siege Engineers
37:55 Masonry
剃刀割猪头
10:50 Feudal Age
11:25 Horse Collar
11:48 Double-Bit Axe
16:32 Castle Age
16:14 Scale Barding Armor
17:03 Forging
19:26 Heavy Plow
19:39 Bow Saw
21:51 Stone Mining
25:34 Wheelbarrow
24:44 Loom
25:17 Gold Mining
26:05 Stone Shaft Mining
29:07 Imperial Age
27:49 Bloodlines
27:39 Husbandry
28:25 Szlachta Privileges
29:06 Iron Casting
29:16 Hand Cart
30:20 Chain Barding Armor
30:36 Conscription
30:05 Cavalier
31:07 Pikeman
31:47 Squires
33:03 Blast Furnace
34:34 Scale Mail Armor
36:43 Chain Mail Armor
Connection lost

Rejoining the realm…

Still unreachable

The connection could not be restored.

Session expired

The server has moved on; the page needs a fresh start.